 Dungeon Crawl Stone Soup version 0.19.1 (webtiles) character file.

4584 FortunaImperatrix the Covert (level 10, -5/50 HPs)
             Began as a Deep Elf Conjurer on Dec 9, 2016.
             Was a Believer of Sif Muna.
             Slain by a warg (13 damage)
             ... on level 9 of the Dungeon on Dec 10, 2016.
             The game lasted 00:40:23 (9386 turns).

FortunaImperatrix the Covert (Deep Elf Conjurer)    Turns: 9386, Time: 00:40:24

Health: -5/50      AC:  7    Str:  5    XL:     10   Next: 18%
Magic:  15/32      EV: 17    Int: 22    God:    Sif Muna [**....]
Gold:   400        SH:  0    Dex: 17    Spells: 5 memorised, 9 levels left

rFire  . . .     SeeInvis .     d - +2 dagger (speed)
rCold  . . .     Gourm    .     a - +0 robe
rNeg   . . .     Faith    .     (no shield)
rPois  .         Spirit   .     (no helmet)
rElec  .         Reflect  .     J - +2 cloak
rCorr  .         Harm     .     (no gloves)
MR     +....                    t - +1 pair of boots
Stlth  +++++.....               (no amulet)
                                F - ring of magical power
                                l - ring of wizardry

@: no status effects
A: no striking features
a: Divine Energy, Renounce Religion


You were on level 9 of the Dungeon.
You worshipped Sif Muna.
Sif Muna was pleased with you.
You were not hungry.

You visited 1 branch of the dungeon, and saw 9 of its levels.

You collected 400 gold pieces.

Inventory:

Hand Weapons
 d - a +2 dagger of speed (weapon)
 y - a +0 blowgun
 N - a +1 dagger of holy wrath
Missiles
 k - 13 needles of frenzy
 m - 46 poisoned needles
Armour
 a - a +0 robe (worn)
 r - a +0 leather armour
 t - a +1 pair of boots (worn)
 J - a +2 cloak (worn)
Jewellery
 l - a ring of wizardry (left hand)
 p - an uncursed amulet of rage
 F - a ring of magical power (right hand)
 I - an uncursed ring of protection from cold {unknown}
Wands
 B - a wand of teleportation (4/9)
 G - a wand of iceblast (9/15)
 L - a wand of iceblast (8/15)
 V - a wand of paralysis (9/24)
Scrolls
 f - 2 scrolls of recharging {unknown}
 i - 3 scrolls of teleportation
 n - 2 scrolls of blinking {unknown}
 o - 6 scrolls of identify
 s - a scroll of enchant weapon {unknown}
 v - a scroll of acquirement {unknown}
 x - 2 scrolls of enchant armour {unknown}
 A - 4 scrolls of remove curse {unknown}
 C - 2 scrolls of random uselessness {unknown}
 H - a scroll of magic mapping {unknown}
 M - 2 scrolls of amnesia {unknown}
 T - a scroll of immolation {unknown}
Potions
 e - a potion of curing
 h - a potion of ambrosia
 q - a potion of cancellation
 u - a potion of agility {unknown}
 w - a potion of lignification
 z - 2 potions of resistance {unknown}
 D - a potion of flight {unknown}
 E - a potion of might
 O - a potion of brilliance
 P - a potion of haste {unknown}
 Q - a potion of mutation {unknown}
 S - a potion of berserk rage {unknown}
 U - a potion of invisibility {unknown}
Books
 b - a book of Conjurations

   Spells                             Type                      Level
   a - Magic Dart                     Conjuration                  1
   b - Searing Ray                    Conjuration                  2
   c - Dazzling Spray                 Conjuration/Hexes            3
   d - Fulminant Prism                Conjuration/Hexes            4
   e - Iskenderun's Mystic Blast      Conjuration                  4
   f - Iskenderun's Battlesphere      Conjuration/Charms           5
Comestibles
 c - 6 bread rations
 g - 6 meat rations
 j - a royal jelly
 K - 4 beef jerkies
 R - 7 slices of pizza


   Skills:
 + Level 7.3 Short Blades
 + Level 7.0 Dodging
 * Level 9.9 Stealth
 - Level 7.4 Spellcasting
 + Level 7.8 Conjurations
 + Level 6.0 Hexes


You had 9 spell levels left.
You knew the following spells:

 Your Spells              Type           Power        Failure   Level  Hunger
a - Magic Dart            Conj           ####         1%          1    None
b - Searing Ray           Conj           #####.       1%          2    None
c - Dazzling Spray        Conj/Hex       #####.       1%          3    None
d - Fulminant Prism       Conj/Hex       #####.....   2%          4    ###....
e - Iskenderun's Mystic   Conj           #####...     1%          4    ###....


Dungeon Overview and Level Annotations

Branches:
Dungeon (9/15)             Temple (0/1) D:5             Orc (0/2) D:9
   Lair: D:8-11

Altars:
Cheibriados
Fedhas
Nemelex Xobeh
Okawaru
Ru
Sif Muna
The Shining One


Message History

The warg barely misses you.
Casting: Dazzling Spray
Confirm with . or Enter, or press ? or * to list all spells.
Aiming: Dazzling Spray
Press: ? - help, Shift-Dir - straight line, f/p - warg
Aim: a warg (severely wounded)
The spray of energy hits the warg.
The warg is almost dead.
The warg bites you!
* * * LOW HITPOINT WARNING * * *
The warg misses you.
Casting: Dazzling Spray
Confirm with . or Enter, or press ? or * to list all spells.
Aiming: Dazzling Spray
Press: ? - help, Shift-Dir - straight line, f/p - warg
Aim: a warg (almost dead)
The spray of energy hits the warg.
The warg is almost dead.
The warg bites you!
You die...

.. .# # .# #. .#
#.> .# #+#
#.hh##.## #.#
#.h.h#.# ######.##
#####h# #.......#
#@# #.###...## #.#
#.##...[.## #.#
#.###......
#.######.#.....###
#..............#
########.#(....#
#.......# #
###.....# #
####.##


You could see 2 wargs.

Vanquished Creatures
  Pikel (D:8)
  Psyche (D:8)
  A two-headed ogre (D:9)
  4 hogs (D:7)
  A human (D:7)
  A hungry ghost (D:7)
  Edmund (D:5)
  4 orc warriors
  A sky beast (D:5)
  A slave (D:8)
  An ice beast (D:6)
  2 phantoms
  An ogre (D:6)
  2 centaurs
  7 bullfrogs
  3 scorpions
  A howler monkey (D:5)
  4 crimson imps
  2 jellies (D:7)
  3 hounds
  3 orc priests
  Crazy Yiuf (D:5)
  A bullfrog skeleton (D:6)
  6 orc wizards
  4 iguanas
  Terence (D:3)
  4 worker ants
  2 worker ant zombies
  4 gnolls (D:2)
  9 adders
  3 worms (D:2)
  3 dart slugs
  2 leopard geckos
  22 orcs
  2 ball pythons
  12 bats
  A giant cockroach (D:4)
  11 goblins
  6 hobgoblins
  2 jackals (D:3)
  7 quokkas
  A ball python skeleton (D:4)
  6 frilled lizards
  10 kobolds
  A leopard gecko skeleton (D:4)
  A quokka skeleton (D:7)
  A quokka zombie (D:6)
  13 rats
181 creatures vanquished.

Vanquished Creatures (others)
  A bullfrog skeleton (D:8)
  A howler monkey skeleton (D:8)
  An adder skeleton (D:8)
3 creatures vanquished.

Grand Total: 184 creatures vanquished

Notes
Turn   | Place    | Note
-------+----------+-------------------------------------------
     0 | D:1      | FortunaImperatrix the Deep Elf Conjurer began the quest for the Orb.
     0 | D:1      | Reached XP level 1. HP: 10/10 MP: 6/6
   276 | D:1      | Reached XP level 2. HP: 13/15 MP: 4/8
   319 | D:1      | Learned a level 2 spell: Searing Ray
   898 | D:1      | Reached XP level 3. HP: 19/19 MP: 2/9
  1096 | D:2      | Learned a level 3 spell: Dazzling Spray
  1112 | D:2      | Reached skill level 5 in Conjurations
  1338 | D:2      | Reached XP level 4. HP: 24/24 MP: 4/11
  1475 | D:2      | Reached skill level 3 in Stealth
  1808 | D:2      | Reached skill level 1 in Short Blades
  1976 | D:2      | Found an iron altar of Okawaru.
  2466 | D:3      | Reached XP level 5. HP: 28/28 MP: 9/12
  2621 | D:3      | Noticed Terence
  2627 | D:3      | Killed Terence
  2679 | D:3      | Found a deep blue altar of Sif Muna.
  2679 | D:3      | Found a sacrificial altar of Ru.
  2703 | D:3      | Became a worshipper of Sif Muna the Loreminder
  3123 | D:3      | Found a glowing golden altar of the Shining One.
  3174 | D:3      | Found a blossoming altar of Fedhas.
  3176 | D:3      | You fall through a shaft!
  3418 | D:4      | Found a sparkling altar of Nemelex Xobeh.
  3500 | D:4      | Noticed a centaur
  3516 | D:4      | Killed a centaur
  3516 | D:4      | Reached skill level 4 in Stealth
  3516 | D:4      | Reached XP level 6. HP: 16/32 MP: 10/14
  3981 | D:5      | Entered Level 5 of the Dungeon
  3987 | D:5      | Learned a level 4 spell: Fulminant Prism
  4008 | D:5      | Noticed Edmund
  4019 | D:5      | Killed Edmund
  4221 | D:5      | Reached XP level 7. HP: 36/36 MP: 16/16
  4261 | D:5      | Found a staircase to the Ecumenical Temple.
  4309 | D:5      | Reached skill level 5 in Stealth
  4361 | D:5      | Reached skill level 5 in Spellcasting
  4361 | D:5      | Reached skill level 1 in Hexes
  4411 | D:5      | Reached * piety under Sif Muna
  4823 | D:5      | Found a runed door.
  4843 | D:5      | Noticed Crazy Yiuf
  4847 | D:5      | Killed Crazy Yiuf
  5125 | D:6      | Reached skill level 6 in Stealth
  5141 | D:6      | Reached XP level 8. HP: 7/41 MP: 6/17
  5648 | D:6      | Learned a level 4 spell: Iskenderun's Mystic Blast
  5687 | D:6      | Reached skill level 5 in Dodging
  6044 | D:6      | Reached skill level 7 in Stealth
  6253 | D:6      | Reached skill level 5 in Short Blades
  7076 | D:7      | Reached XP level 9. HP: 45/45 MP: 20/20
  7186 | D:7      | Found a snail-covered altar of Cheibriados.
  7217 | D:7      | Reached ** piety under Sif Muna
  7281 | D:7      | Reached skill level 8 in Stealth
  7927 | D:7      | Reached skill level 5 in Hexes
  8025 | D:7      | Reached skill level 9 in Stealth
  8345 | D:8      | Noticed Psyche
  8357 | D:8      | Killed Psyche
  8361 | D:8      | Noticed Pikel
  8382 | D:8      | Killed Pikel
  8382 | D:8      | Reached XP level 10. HP: 23/50 MP: 4/23
  9377 | D:9      | Found a staircase to the Orcish Mines.
  9386 | D:9      | Slain by a warg

Skill      XL: |  1  2  3  4  5  6  7  8  9 10 |
---------------+-------------------------------+-----
Dodging        | 3 4 5 6 7 |  7.0
Conjurations   | 5 6 7 |  7.8
Stealth        | 3 4 6 7 9 |  9.9
Short Blades   | 1 2 3 4 5 7 |  7.3
Spellcasting   | 4 5 6 7 |  7.4
Hexes          | 2 4 5 6 |  6.0

Action                   |  1- 3 |  4- 6 |  7- 9 | 10-12 || total
-------------------------+-------+-------+-------+-------++-------
Melee: Dagger            |       |    45 |   186 |     7 ||   238
 Cast: Magic Dart        |    64 |   121 |    81 |       ||   266
       Searing Ray       |     2 |     1 |    26 |     1 ||    30
       Dazzling Spray    |       |     5 |    52 |    11 ||    68
       Iskenderun's Myst |       |       |     4 |       ||     4
  Use: Scroll            |     1 |     3 |       |       ||     4
       Potion            |       |     1 |     5 |     2 ||     8
 Stab: Invisible         |       |     7 |    22 |     1 ||    30
       Sleeping          |       |     1 |     7 |     3 ||    11
       Distracted        |       |       |     1 |       ||     1
  Eat: Chunk             |     1 |     7 |    15 |     3 ||    26
       Beef jerky        |       |     1 |       |       ||     1
Armor: Robe              |       |     8 |    30 |     2 ||    40
Dodge: Dodged            |     4 |    39 |   107 |     7 ||   157
